TOP OF THE 1ST |
El Paso Chihuahuas batting - Pitching for Indianapolis Indians : RHP Antonio Alvarez
|
Pitching: RHP Antonio Alvarez
|
|
Batting: LHB Angel Mejia
|
0-0: Called Strike 0-1: Ball 1-1: Fly out, F7 (Flyball, 78D, EV 103.8 MPH)
|
Batting: RHB Rodolfo Rivera
|
0-0: Foul Ball, location: 2F 0-1: Called Strike 0-2: Ball 1-2: Ball 2-2: Foul Ball, location: 2F 2-2: Foul Ball, location: 2F 2-2: Foul Ball, location: 2F 2-2: Ball 3-2: Foul Ball, location: 2F 3-2: Strikes out looking
|
Batting: RHB Eric Sandell
|
0-0: Called Strike 0-1: Ball 1-1: Foul Ball, location: 2F 1-2: Foul Ball, location: 2F 1-2: Foul Ball, location: 2F 1-2: Ball 2-2: Ball 3-2: SINGLE (Groundball, 34D, EV 100.0 MPH)
|
Batting: SHB Adam Martin
|
0-0: Ball 1-0: Ball 2-0: Swinging Strike 2-1: Ball 3-1: Foul Ball, location: 2F 3-2: Base on Balls Eric Sandell to second
|
Batting: LHB Carlos Cuellar
|
0-0: Ball 1-0: Ball 2-0: Fly out, F8 (Flyball, 8RD, EV 90.0 MPH)
|
Top of the 1st over - 0 runs, 1 hit, 0 errors, 2 left on base; El Paso 0 - Indianapolis 0 |
BOTTOM OF THE 1ST |
Indianapolis Indians batting - Pitching for El Paso Chihuahuas : RHP Jorge Guerrero
|
Pitching: RHP Jorge Guerrero
|
|
Batting: RHB Luis Ramos
|
0-0: Swinging Strike 0-1: Ground out 1-3 (Groundball, 15S, EV 73.1 MPH)
|
Batting: RHB Bubba Tierney
|
0-0: Foul Ball, location: 2F 0-1: Ball 1-1: Ground out U3 (Groundball, 3S, EV 87.5 MPH)
|
Batting: LHB Alberto Figueroa
|
0-0: Ball 1-0: Swinging Strike 1-1: Fly out, F8 (Flyball, 8RM, EV 84.4 MPH)
|
Bottom of the 1st over - 0 runs, 0 hits, 0 errors, 0 left on base; El Paso 0 - Indianapolis 0 |
TOP OF THE 2ND |
El Paso Chihuahuas batting - Pitching for Indianapolis Indians : RHP Antonio Alvarez
|
Batting: RHB Andy Sheridan
|
0-0: Called Strike 0-1: Foul Ball, location: 2F 0-2: Ground out 5-3 (Groundball, 56, EV 80.6 MPH)
|
Batting: RHB Chase Briney
|
0-0: Ball 1-0: Called Strike 1-1: Ball 2-1: Ground out 4-3 (Groundball, 4D, EV 84.4 MPH)
|
Batting: LHB Anthony Mosley
|
0-0: Called Strike 0-1: Called Strike 0-2: Strikes out swinging
|
Top of the 2nd over - 0 runs, 0 hits, 0 errors, 0 left on base; El Paso 0 - Indianapolis 0 |
BOTTOM OF THE 2ND |
Indianapolis Indians batting - Pitching for El Paso Chihuahuas : RHP Jorge Guerrero
|
Batting: LHB Marc Carter
|
0-0: Ball 1-0: Ball 2-0: Ball 3-0: Called Strike 3-1: Ground out 5-3 (Groundball, 6, EV 78.1 MPH)
|
Batting: RHB Chris Pozzi
|
0-0: Called Strike 0-1: Called Strike 0-2: SINGLE (Groundball, 4D, EV 98.1 MPH)
|
Batting: LHB Sammy Roddenberry
|
0-0: Swinging Strike 0-1: Called Strike 0-2: Fielders Choice at 2nd, 4-6 (Groundball, 34, EV 86.9 MPH)
|
Batting: RHB Richard Barrios
|
0-0: Fly out, F9 (Flyball, 89S, EV 75.0 MPH)
|
Bottom of the 2nd over - 0 runs, 1 hit, 0 errors, 1 left on base; El Paso 0 - Indianapolis 0 |
TOP OF THE 3RD |
El Paso Chihuahuas batting - Pitching for Indianapolis Indians : RHP Antonio Alvarez
|
Batting: RHB Lamberto Amicis
|
0-0: Fly out, F7 (Line Drive, 78M, EV 112.5 MPH)
|
Batting: LHB Angel Mejia
|
0-0: Called Strike 0-1: Foul Ball, location: 2F 0-2: Foul Ball, location: 2F 0-2: Foul Ball, location: 2F 0-2: Ball 1-2: Ball 2-2: Ball 3-2: Foul Ball, location: 2F 3-2: Base on Balls
|
Batting: RHB Rodolfo Rivera
|
0-0: Called Strike 0-1: Ball 1-1: Ground out 4-3 (Groundball, 34, EV 108.1 MPH) Angel Mejia to second
|
Batting: RHB Eric Sandell
|
0-0: Ball 1-0: Foul Ball, location: 2F 1-1: Foul Ball, location: 2F 1-2: Foul Ball, location: 2F 1-2: Strikes out swinging
|
Top of the 3rd over - 0 runs, 0 hits, 0 errors, 1 left on base; El Paso 0 - Indianapolis 0 |
BOTTOM OF THE 3RD |
Indianapolis Indians batting - Pitching for El Paso Chihuahuas : RHP Jorge Guerrero
|
Batting: RHB Caleb Russell
|
0-0: Ball 1-0: Called Strike 1-1: Ball 2-1: Fly out, F8 (Flyball, 89S, EV 86.9 MPH)
|
Batting: RHB Isaiah Yarbrough
|
0-0: Foul Ball, location: 2F 0-1: Swinging Strike 0-2: Ball 1-2: Ball 2-2: Ground out 4-3 (Groundball, 6M, EV 83.8 MPH)
|
Batting: RHB Luis Ramos
|
0-0: Ball 1-0: Swinging Strike 1-1: Ground out 6-3 (Groundball, 6, EV 103.8 MPH)
|
Bottom of the 3rd over - 0 runs, 0 hits, 0 errors, 0 left on base; El Paso 0 - Indianapolis 0 |
TOP OF THE 4TH |
El Paso Chihuahuas batting - Pitching for Indianapolis Indians : RHP Antonio Alvarez
|
Batting: SHB Adam Martin
|
0-0: Called Strike 0-1: Ball 1-1: SINGLE (Flyball, 7S, EV 98.1 MPH)
|
Batting: LHB Carlos Cuellar
|
0-0: Ball Adam Martin steals 2nd base 1-0: Ball 2-0: Foul Ball, location: 2F 2-1: Swinging Strike 2-2: Foul Ball, location: 2F 2-2: Strikes out swinging
|
Batting: RHB Andy Sheridan
|
0-0: Ball 1-0: Foul Ball, location: 2F 1-1: Ground out 5-3 (Groundball, 56S, EV 79.4 MPH)
|
Batting: RHB Chase Briney
|
0-0: Ball 1-0: Ball 2-0: Ball 3-0: Called Strike 3-1: Foul Ball, location: 2F 3-2: Ground out 3-1 (Groundball, 34, EV 88.1 MPH)
|
Top of the 4th over - 0 runs, 1 hit, 0 errors, 1 left on base; El Paso 0 - Indianapolis 0 |
BOTTOM OF THE 4TH |
Indianapolis Indians batting - Pitching for El Paso Chihuahuas : RHP Jorge Guerrero
|
Batting: RHB Bubba Tierney
|
0-0: Called Strike 0-1: Ground out 4-3 (Groundball, 4S, EV 81.9 MPH)
|
Batting: LHB Alberto Figueroa
|
0-0: Called Strike 0-1: Called Strike 0-2: Foul Ball, location: 2F 0-2: Ground out 4-3 (Groundball, 4, EV 82.5 MPH)
|
Batting: LHB Marc Carter
|
0-0: Called Strike 0-1: SINGLE (Line Drive, 9LS, EV 92.5 MPH)
|
Batting: RHB Chris Pozzi
|
0-0: Ball 1-0: Ball 2-0: Swinging Strike 2-1: Called Strike 2-2: Fielders Choice at 2nd, U4 (Groundball, 4M, EV 86.9 MPH)
|
Bottom of the 4th over - 0 runs, 1 hit, 0 errors, 1 left on base; El Paso 0 - Indianapolis 0 |
TOP OF THE 5TH |
El Paso Chihuahuas batting - Pitching for Indianapolis Indians : RHP Antonio Alvarez
|
Batting: LHB Anthony Mosley
|
0-0: Ball 1-0: Ground out 4-3 (Groundball, 4MS, EV 81.9 MPH)
|
Batting: RHB Lamberto Amicis
|
0-0: Ball 1-0: Ground out 6-3 (Groundball, 6, EV 110.0 MPH)
|
Batting: LHB Angel Mejia
|
0-0: Ball 1-0: Ball 2-0: Ball 3-0: Base on Balls
|
Batting: RHB Rodolfo Rivera
|
0-0: Ball 1-0: Foul Ball, location: 2F 1-1: Called Strike Angel Mejia steals 2nd base (no throw) 1-2: Ball 2-2: Ground out 6-3 (Groundball, 56, EV 86.9 MPH)
|
Top of the 5th over - 0 runs, 0 hits, 0 errors, 1 left on base; El Paso 0 - Indianapolis 0 |
BOTTOM OF THE 5TH |
Indianapolis Indians batting - Pitching for El Paso Chihuahuas : RHP Jorge Guerrero
|
Batting: LHB Sammy Roddenberry
|
0-0: Ground out 5-3 (Groundball, 5, EV 86.9 MPH)
|
Batting: RHB Richard Barrios
|
0-0: Ball 1-0: Swinging Strike 1-1: Foul Ball, location: 2F 1-2: Ball 2-2: Ground out 4-3 (Groundball, 4M, EV 88.1 MPH)
|
Batting: RHB Caleb Russell
|
0-0: Ball 1-0: Ball 2-0: Fly out, F9 (Flyball, 9, EV 92.5 MPH)
|
Bottom of the 5th over - 0 runs, 0 hits, 0 errors, 0 left on base; El Paso 0 - Indianapolis 0 |
TOP OF THE 6TH |
El Paso Chihuahuas batting - Pitching for Indianapolis Indians : RHP Antonio Alvarez
|
Batting: RHB Eric Sandell
|
0-0: Ball 1-0: Ball 2-0: Ground out 6-3 (Groundball, 6, EV 86.2 MPH)
|
Batting: SHB Adam Martin
|
0-0: Called Strike 0-1: Foul Ball, location: 2F 0-2: Foul Ball, location: 2F 0-2: Ball 1-2: Ball 2-2: Strikes out swinging
|
Batting: LHB Carlos Cuellar
|
0-0: Called Strike 0-1: Ball 1-1: Fly out, F8 (Line Drive, 8LXD, EV 110.6 MPH)
|
Top of the 6th over - 0 runs, 0 hits, 0 errors, 0 left on base; El Paso 0 - Indianapolis 0 |
BOTTOM OF THE 6TH |
Indianapolis Indians batting - Pitching for El Paso Chihuahuas : RHP Jorge Guerrero
|
Batting: RHB Isaiah Yarbrough
|
0-0: Fly out, F8 (Flyball, 8RD, EV 100.0 MPH)
|
Batting: RHB Luis Ramos
|
0-0: Called Strike 0-1: Swinging Strike 0-2: Strikes out looking
|
Batting: RHB Bubba Tierney
|
0-0: Foul Ball, location: 2F 0-1: Ball 1-1: Foul Ball, location: 2F 1-2: Ground out 6-3 (Groundball, 6, EV 88.8 MPH)
|
Bottom of the 6th over - 0 runs, 0 hits, 0 errors, 0 left on base; El Paso 0 - Indianapolis 0 |
TOP OF THE 7TH |
El Paso Chihuahuas batting - Pitching for Indianapolis Indians : RHP Antonio Alvarez
|
Batting: RHB Andy Sheridan
|
0-0: Called Strike 0-1: Foul Ball, location: 2F 0-2: Ball 1-2: Foul Ball, location: 2F 1-2: SINGLE (Flyball, 89S, EV 89.4 MPH)
|
Batting: RHB Chase Briney
|
0-0: Foul Ball, location: 2F 0-1: Ball 1-1: Foul Ball, location: 2F 1-2: Foul Ball, location: 2F 1-2: 2-RUN HOME RUN (Flyball, 9D, EV 93.8 MPH), Distance : 362 ft
|
Pitching: RHP Doug Rawson
|
|
Batting: LHB Anthony Mosley
|
0-0: Ball 1-0: Called Strike 1-1: Ball 2-1: Foul Ball, location: 2F 2-2: Strikes out swinging
|
Batting: RHB Lamberto Amicis
|
0-0: Ball 1-0: Ball 2-0: Called Strike 2-1: DOUBLE (Groundball, 5L, EV 99.4 MPH)
|
Batting: LHB Angel Mejia
|
0-0: Intentional Walk
|
Batting: RHB Rodolfo Rivera
|
0-0: Called Strike 0-1: Ball 1-1: Ball 2-1: Foul Ball, location: 2F 2-2: Strikes out swinging
|
Batting: RHB Eric Sandell
|
0-0: Foul Ball, location: 2F 0-1: Ball 1-1: SINGLE (Groundball, 34D, EV 104.4 MPH) Lamberto Amicis to third Angel Mejia to second Runner from 3rd tries for Home, SAFE, throw by RF to home
|
Batting: SHB Adam Martin
|
0-0: Foul Ball, location: 2F 0-1: Ball 1-1: Swinging Strike 1-2: Ground out 5-3 (Groundball, 56S, EV 89.4 MPH)
|
Top of the 7th over - 3 runs, 4 hits, 0 errors, 2 left on base; El Paso 3 - Indianapolis 0 |
BOTTOM OF THE 7TH |
Indianapolis Indians batting - Pitching for El Paso Chihuahuas : RHP Jorge Guerrero
|
Batting: LHB Alberto Figueroa
|
0-0: Swinging Strike 0-1: Ball 1-1: SINGLE (Groundball, 56S, EV 66.9 MPH) (infield hit)
|
Batting: LHB Marc Carter
|
0-0: Ball 1-0: Grounds into double play, 4-6-3 (Groundball, 34D, EV 82.5 MPH)
|
Batting: RHB Chris Pozzi
|
0-0: SINGLE (Line Drive, 78S, EV 111.2 MPH)
|
Batting: LHB Sammy Roddenberry
|
0-0: Called Strike 0-1: Fly out, F8 (Flyball, 89D, EV 105.6 MPH)
|
Bottom of the 7th over - 0 runs, 2 hits, 0 errors, 1 left on base; El Paso 3 - Indianapolis 0 |
TOP OF THE 8TH |
El Paso Chihuahuas batting - Pitching for Indianapolis Indians : RHP Doug Rawson
|
Pitching: RHP Mario Medrano
|
|
Batting: LHB Carlos Cuellar
|
0-0: Ball 1-0: Ball 2-0: Called Strike 2-1: Called Strike 2-2: Ball 3-2: Strikes out looking
|
Batting: RHB Andy Sheridan
|
0-0: Ball 1-0: Ball 2-0: Ball 3-0: Called Strike 3-1: Foul Ball, location: 2F 3-2: SINGLE (Groundball, 6MD, EV 110.0 MPH)
|
Batting: RHB Chase Briney
|
0-0: Ball 1-0: Foul Ball, location: 2F 1-1: Foul Ball, location: 2F 1-2: Ball 2-2: Ball 3-2: SINGLE (Line Drive, 4MD, EV 98.1 MPH) Andy Sheridan to second Runner from 2nd tries for 3rd, SAFE, throw by CF made to third
|
Batting: LHB Anthony Mosley
|
0-0: Called Strike 0-1: Ball 1-1: Ball 2-1: Foul Ball, location: 2F 2-2: Ball 3-2: Foul Ball, location: 2F 3-2: Grounds out, U3 (Groundball, 3L, EV 87.5 MPH) Andy Sheridan scores
|
Batting: RHB Lamberto Amicis
|
0-0: Ball 1-0: Ground out 5-3 (Groundball, 56, EV 84.4 MPH)
|
Top of the 8th over - 1 run, 2 hits, 0 errors, 1 left on base; El Paso 4 - Indianapolis 0 |
BOTTOM OF THE 8TH |
Indianapolis Indians batting - Pitching for El Paso Chihuahuas : RHP Jorge Guerrero
|
Batting: RHB Richard Barrios
|
0-0: Ground out 5-3 (Groundball, 56S, EV 63.1 MPH)
|
Batting: RHB Caleb Russell
|
0-0: Ball 1-0: Called Strike 1-1: Ball 2-1: Foul Ball, location: 2F 2-2: Ball 3-2: Base on Balls
|
Batting: RHB Isaiah Yarbrough
|
0-0: Called Strike 0-1: Ball 1-1: Swinging Strike 1-2: SINGLE (Line Drive, 7LM, EV 101.2 MPH) Caleb Russell to second
|
Batting: RHB Luis Ramos
|
0-0: Ball 1-0: Foul Ball, location: 2F 1-1: Ball 2-1: Fielders Choice at 2nd, 3-6 (Groundball, 34S, EV 90.6 MPH) Caleb Russell to third
|
Batting: RHB Bubba Tierney
|
0-0: Fly out, F8 (Flyball, 8RD, EV 80.6 MPH)
|
Bottom of the 8th over - 0 runs, 1 hit, 0 errors, 2 left on base; El Paso 4 - Indianapolis 0 |
TOP OF THE 9TH |
El Paso Chihuahuas batting - Pitching for Indianapolis Indians : RHP Mario Medrano
|
Pitching: RHP Justin Jones
|
|
Batting: LHB Angel Mejia
|
0-0: Ball 1-0: Swinging Strike 1-1: DOUBLE (Groundball, 5D, EV 98.8 MPH)
|
Batting: RHB Rodolfo Rivera
|
0-0: Ball 1-0: Ball 2-0: Ball 3-0: Called Strike 3-1: Ground out 6-3 (Groundball, 6D, EV 88.8 MPH) Angel Mejia to third
|
Batting: RHB Eric Sandell
|
0-0: Swinging Strike 0-1: Ground out 5-3 (Groundball, 56, EV 106.9 MPH) Angel Mejia scores
|
Batting: SHB Adam Martin
|
0-0: Swinging Strike 0-1: SINGLE (Groundball, 34D, EV 108.8 MPH)
|
Batting: LHB Carlos Cuellar
|
0-0: Ball 1-0: Swinging Strike 1-1: Ball Adam Martin steals 2nd base 2-1: Foul Ball, location: 2F 2-2: Foul Ball, location: 2F 2-2: Ball 3-2: Strikes out looking
|
Top of the 9th over - 1 run, 2 hits, 0 errors, 1 left on base; El Paso 5 - Indianapolis 0 |
BOTTOM OF THE 9TH |
Indianapolis Indians batting - Pitching for El Paso Chihuahuas : RHP Jorge Guerrero
|
Batting: LHB Alberto Figueroa
|
0-0: Ball 1-0: Called Strike 1-1: Foul Ball, location: 2F 1-2: Ball 2-2: Foul Ball, location: 2F 2-2: SINGLE (Groundball, 6S, EV 76.2 MPH) (infield hit)
|
Batting: LHB Marc Carter
|
0-0: Called Strike 0-1: Ball 1-1: Ball 2-1: Ball 3-1: Base on Balls Alberto Figueroa to second
|
Batting: RHB Chris Pozzi
|
0-0: Called Strike 0-1: Foul Ball, location: 2F 0-2: Fielders Choice at 2nd, 3-6 (Groundball, 3, EV 85.0 MPH) Alberto Figueroa to third
|
Batting: LHB Sammy Roddenberry
|
0-0: Fielders Choice at 2nd, 4-6 (Groundball, 4, EV 103.8 MPH) Alberto Figueroa scores
|
Batting: RHB Richard Barrios
|
0-0: Called Strike 0-1: Ball 1-1: Foul Ball, location: 2F 1-2: Foul Ball, location: 2F 1-2: Ball 2-2: Ground out U3 (Groundball, 3L, EV 102.5 MPH)
|
Bottom of the 9th over - 1 run, 1 hit, 0 errors, 1 left on base; El Paso 5 - Indianapolis 1 |
|